 Dungeon Sprint DCSS version 0.17-a0-2118-g63bad21 (webtiles) character file.

186 esc the Changer (level 5, -1/36 HPs)
             Began as an Octopode Transmuter on Oct 20, 2015.
             Was a Believer of Cheibriados.
             Killed from afar by a gargoyle (19 damage)
             ... with a stone arrow
             ... in the Dungeon (Sprint IX: "|||||||||||||||||||||||||||||").
             The game lasted 00:02:49 (221 turns).

esc the Changer (Octopode Transmuter)                Turns: 221, Time: 00:02:49

Health: -1/36      AC:  3    Str: 14    XL:     5   Next: 66%
Magic:  7/14       EV: 14    Int: 23    God:    Cheibriados [**....]
Gold:   0          SH:  0    Dex: 16    Spells: 2 memorised, 13 levels left

rFire  . . .     SeeInvis .       - Unarmed
rCold  . . .     Clarity  .     (no shield)
rNeg   . . .     SustAt   .     (helmet restricted)
rPois  .         Gourm    .     (no amulet)
rElec  .         Spirit   .     p - +2 ring of protection
rCorr  .         Warding  .     o - +3 ring of intelligence
rMut   .         NoTele   +     (no ring)
MR     .....                    (no ring)
Stlth  ++........               (no ring)
                                (no ring)
                                (no ring)
                                (no ring)

@: very slow, not resistant to hostile enchantments, unstealthy
A: almost no armour, amphibious, 8 rings, constrict 8, camouflage 1, gelatinous
body 1
a: Bend Time, Renounce Religion


You were in the Dungeon.
You worshipped Cheibriados.
Cheibriados was pleased with you.
You were not hungry.

You visited 1 branch

Inventory:

Missiles
 a - 12 arrows
Magical Staves
 m - an uncursed staff of energy {@w1+MP, hungerless spells, !d!a}
   (You found it in the Dungeon)
Jewellery
 o - a +3 ring of intelligence (right tentacle)
   (You found it in the Dungeon)
 p - a +2 ring of protection (left tentacle)
   (You found it in the Dungeon)
Wands
 n - a wand of draining (3)
   (You found it in the Dungeon)
Scrolls
 i - 2 scrolls of blinking {!r}
 k - 3 scrolls of remove curse
 l - 2 scrolls of amnesia
Potions
 d - 5 potions of curing
 e - 3 potions of heal wounds
 f - a potion of haste
 g - 4 potions of magic
 h - a potion of invisibility
Books
 b - a book of Changes
Comestibles
 c - a bread ration {@e1}
 j - 7 chunks of flesh {@w0}


   Skills:
 - Level 3.1 Fighting
 - Level 3.7 Dodging
 - Level 4.0 Unarmed Combat
 + Level 6.6 Spellcasting
 + Level 7.1 Transmutations


You had 13 spell levels left.
You knew the following spells:

 Your Spells              Type           Power        Failure   Level  Hunger
a - Beastly Appendage     Trmt           #####.       1%          1    None
c - Spider Form           Trmt/Pois      ###.......   8%          3    None


Dungeon Overview and Level Annotations

Branches:
Dungeon (1/1)

Altars:
Cheibriados
Dithmenos
Elyvilon
Fedhas
Gozag
Kikubaaqudgha
Makhleb
Nemelex Xobeh
Okawaru
Qazlal
Ru
Sif Muna
Trog
Vehumet
Xom
Yredelemnul
Zin
The Shining One
Beogh
Jiyva
Lugonu


Innate Abilities, Weirdness & Mutations

You cannot wear most types of armour.
You are amphibious.
You can wear up to eight rings at the same time.
You can use your tentacles to constrict eight enemies at once.
Your skin changes colour to match your surroundings (Stealth).
Your rubbery body absorbs attacks (AC +1).


Message History

a +2 scimitar of holy wrath; a +4 quarterstaff of pain a +2 halberd of protection; a +2 morningstar of venom; a +3 war axe of chopping a +2 rapier of electrocution You see here a +0 pair of boots.
You see here a +0 pair of gloves.
You see here a +1 chain mail.
o - a +3 ring of intelligence
p - a +2 ring of protection Put on which piece of jewellery? (? for menu, Esc to quit)
p - a +2 ring of protection (left tentacle) Put on which piece of jewellery? (? for menu, Esc to quit)
You feel clever.
o - a +3 ring of intelligence (right tentacle) Memorise Spider Form, consuming 3 spell levels and leaving 4?
You start memorising the spell.
You continue memorising.
You continue memorising. x2
You finish memorising.
Spell assigned to 'c'.
You don't know that spell.
You turn into a venomous arachnid creature.
You now have 4/7 mp.
You open the door.
A hound, a worker ant, a gargoyle, an ogre, a phantom and a wight come into view.
The ogre shouts!
The worker ant twitches its antennae in your direction.
You hit the hound but do no damage.
The hound is poisoned.
The hound bites you. The hound completely misses you.
You take 2 damage, and have 24/26 hp.
You hit the hound but do no damage.
The hound looks even sicker.
The hound completely misses you.
You hit the hound. The hound completely misses you.
You hit the hound. The hound misses you. The hound completely misses you.
You barely miss the hound. The hound bites you but does no damage.
The phantom blinks!
You hit the hound.
Your transformation is almost over.
You kill the hound!
Cheibriados thoroughly appreciates the change of pace.
Your Spellcasting skill increases to level 4!
Your Transmutations skill increases to level 4!
You have reached level 4!
You regained 4 hp, and now have 28/31 hp.
You hit the ogre.
The ogre hits you with a giant spiked club!
The phantom blinks!
You take 14 damage, and have 14/31 hp.
MASSIVE DAMAGE!!
You hit the ogre.
The ogre is poisoned.
The ogre hits you but does no damage.
You see here a +1 chain mail.
You see here a +0 pair of gloves.
You see here a +0 pair of boots.
The ogre misses you.
Items here: )))))) a +2 scimitar of holy wrath; a +4 quarterstaff of pain a +2 halberd of protection; a +2 morningstar of venom; a +3 war axe of chopping a +2 rapier of electrocution Your transformation has ended.
Aim: an ogre, wielding a giant spiked club (severely wounded, poisoned)
The bolt of negative energy hits the ogre.
The ogre is drained!
You kill the ogre!
Cheibriados thoroughly appreciates the change of pace.
Cheibriados slows and strengthens your metabolism.
Cheibriados raises the support of your attributes as your movement slows. x2
Your Spellcasting skill gained 2 levels and is now at level 6!
Your Transmutations skill gained 2 levels and is now at level 6!
You have reached level 5!
You feel stronger.
The bolt of negative energy misses the worker ant.
The bolt of negative energy hits the gargoyle.
The gargoyle completely resists.
The bolt of negative energy misses the wight.
This wand has 6 charges left.
You regained 2 hp, and now have 17/36 hp.
Aim: a worker ant The bolt of negative energy hits the worker ant.
The worker ant is drained!
The bolt of negative energy hits the gargoyle.
The gargoyle completely resists.
The bolt of negative energy hits the wight.
The wight completely resists.
This wand has 5 charges left.
Aim: a worker ant (almost dead, heavily drained)
The bolt of negative energy hits the worker ant.
The worker ant is drained!
You kill the worker ant!
Cheibriados thoroughly appreciates the change of pace.
Cheibriados raises the support of your attributes as your movement slows.
Your Transmutations skill increases to level 7!
The bolt of negative energy hits the gargoyle.
The gargoyle completely resists.
The bolt of negative energy hits the wight.
The wight completely resists.
This wand has 4 charges left.
The phantom blinks!
Aim: a gargoyle, wielding a flail The bolt of negative energy hits the gargoyle.
The gargoyle completely resists.
The bolt of negative energy hits the wight.
The wight completely resists.
This wand has 3 charges left.
The gargoyle hurls a stone arrow at you.
The stone arrow hits you!
Ouch! That really hurt!
You die...

▓_▓
▓_▓
▓_▓
▓_▓
▓_▓
▓'▓
▓.▓
▓.▓
▓@▓
▓)▓
▓9▓
▓z▓
▓[▓
▓.▓
▓W▓
▓†▓
▓.▓


You could see a phantom, a gargoyle and a wight.

Vanquished Creatures
  An ogre (D)
  A hound (D)
  2 worker ants (D)
  An adder (D)
  A worm (D)
  An orc (D)
  A hobgoblin (D)
  A kobold (D)
  A quokka (D)
  A bat (D)
  2 rats (D)
13 creatures vanquished.

Notes
Turn   | Place    | Note
--------------------------------------------------------------
     0 | D        | esc the Octopode Transmuter began the quest for the Orb.
     0 | D        | Reached XP level 1. HP: 13/13 MP: 3/3
   127 | D        | Noticed a worker ant
   130 | D        | Killed a worker ant
   130 | D        | Reached skill level 2 in Fighting
   130 | D        | Reached skill level 3 in Dodging
   130 | D        | Reached skill level 3 in Spellcasting
   130 | D        | Reached skill level 3 in Transmutations
   130 | D        | Reached XP level 2. HP: 20/20 MP: 3/6
   130 | D        | Reached XP level 3. HP: 25/25 MP: 3/7
   131 | D        | Reached skill level 3 in Fighting
   131 | D        | Reached skill level 4 in Unarmed Combat
   154 | D        | Found a glowing silver altar of Zin.
   154 | D        | Found a glowing golden altar of the Shining One.
   154 | D        | Found an ancient bone altar of Kikubaaqudgha.
   154 | D        | Found a basalt altar of Yredelemnul.
   154 | D        | Found a shimmering altar of Xom.
   154 | D        | Found a radiant altar of Vehumet.
   155 | D        | Found an iron altar of Okawaru.
   156 | D        | Found a burning altar of Makhleb.
   157 | D        | Found a deep blue altar of Sif Muna.
   158 | D        | Found a bloodstained altar of Trog.
   159 | D        | Found a sparkling altar of Nemelex Xobeh.
   160 | D        | Found a white marble altar of Elyvilon.
   161 | D        | Found a roughly hewn altar of Beogh.
   162 | D        | Found a viscous altar of Jiyva.
   163 | D        | Found a corrupted altar of Lugonu.
   164 | D        | Found a blossoming altar of Fedhas.
   165 | D        | Found a snail-covered altar of Cheibriados.
   166 | D        | Found a shadowy altar of Dithmenos.
   167 | D        | Found a stormy altar of Qazlal.
   168 | D        | Found an opulent altar of Gozag.
   169 | D        | Found a sacrificial altar of Ru.
   175 | D        | Became a worshipper of Cheibriados the Contemplative
   202 | D        | Learned a level 3 spell: Spider Form
   203 | D        | Noticed a hound
   203 | D        | Noticed an ogre
   203 | D        | Noticed a phantom
   203 | D        | Noticed a worker ant
   203 | D        | Noticed a gargoyle
   203 | D        | Noticed a wight
   209 | D        | Killed a hound
   209 | D        | Reached skill level 4 in Spellcasting
   209 | D        | Reached skill level 4 in Transmutations
   209 | D        | Reached XP level 4. HP: 28/31 MP: 5/10
   218 | D        | Killed an ogre
   218 | D        | Reached * piety under Cheibriados
   218 | D        | Reached skill level 6 in Spellcasting
   218 | D        | Reached skill level 6 in Transmutations
   218 | D        | Reached XP level 5. HP: 17/36 MP: 7/13
   220 | D        | Killed a worker ant
   220 | D        | Reached ** piety under Cheibriados
   220 | D        | Reached skill level 7 in Transmutations
   221 | D        | Killed from afar by a gargoyle

Vault maps used:
D:        linesprint

Action                   |  1- 3 |  4- 6 || total
-------------------------+-------+-------++-------
Melee: Unarmed           |    25 |     2 ||    27
 Cast: Beastly Appendage |     2 |       ||     2
       Spider Form       |     1 |       ||     1
Evoke: Wand              |       |     4 ||     4
  Use: Potion            |     1 |       ||     1

Vault maps used:
D:        linesprint

Table legend:
 A = Turns spent in this place as a percentage of turns spent in the entire game.
 B = Non-inter-level travel turns spent in this place as a percentage of non-inter-level travel turns spent in the entire game.
 C = Inter-level travel turns spent in this place as a percentage of turns spent in this place.
 D = Turns resting spent in this place as a percentage of non-inter-level travel turns spent in this place.
 E = Turns spent auto-exploring this place as a percentage of non-inter-level travel turns spent in this place.
 F = Non-inter-level travel turns spent in this place divided by the number of levels of this place that you've seen.
                   A       B       C       D       E      F
               +-------+-------+-------+-------+-------+----------------------
         Total | 100.0 | 100.0 |   0.0 |   1.6 |   0.0 | 127.0
       Dungeon | 100.0 | 100.0 |   0.0 |   1.6 |   0.0 | 127.0
               +-------+-------+-------+-------+-------+----------------------

Table legend:
 A = Kills in this place as a percentage of kills in entire the game.
 B = Kills by you in this place as a percentage of kills by you in the entire game.
 C = Kills by friends in this place as a percentage of kills by friends in the entire game.
 D = Other kills in this place as a percentage of other kills in the entire game.
 E = Experience gained in this place as a percentage of experience gained in the entire game.
 F = Experience gained in this place divided by the number of levels of this place that you have seen.
                   A       B       C       D       E      F
               +-------+-------+-------+-------+-------+----------------------
         Total | 100.0 | 100.0 |  -nan |  -nan | 100.0 | 267.0
       Dungeon | 100.0 | 100.0 |  -nan |  -nan | 100.0 | 267.0
               +-------+-------+-------+-------+-------+----------------------
